Kradschützen Motorcycle Team
Selects Italian Combined Arms Battlegroup
Selects Bersaglieri Squad
Construct Light Support Kompanie
Selects Bersaglieri Bolster
Selects Breda Model 30 Light Machine Guns
Construct Mechanized Kompanie
le.IG 18 Support Gun Team
le.IG 18 Support Gun Team
Selects Semovente da 75/18 Assault Gun
le.IG 18 Mechanized Group
Semovente da 75/18 Assault Gun
Selects Carro Armato M13/40 Light Tank